 Dungeon Crawl Stone Soup version 0.23-a0-175-g97aacdb (webtiles) character file.

8792 topirishpotato the Protected (level 11, -5/68 HPs)
             Began as a Gargoyle Monk on Sept 16, 2018.
             Was a High Priest of Okawaru.
             Killed by the air
             ... invoked by Gastronok
              (21 damage)
             ... on level 10 of the Dungeon on Sept 17, 2018.
             The game lasted 00:25:42 (10332 turns).

topirishpotato the Protected (Gargoyle Monk)       Turns: 10332, Time: 00:25:43

Health: -5/68      AC: 27    Str: 16    XL:     11   Next: 36%
Magic:  10/11      EV: 10    Int: 10    God:    Okawaru [*****.]
Gold:   275        SH:  4    Dex: 15    Spells: 10/10 levels left

rFire    . . .     SeeInvis .   v - +4 whip of Ascent {holy, rElec rC+ rN+ Stlth+}
rCold    + . .     Gourm    .   B - +0 buckler
rNeg     + + .     Faith    .   w - +0 chain mail
rPois    ∞         Spirit   .   b - +0 helmet
rElec    +         Reflect  .   (no cloak)
rCorr    .         Harm     .   f - +1 pair of gloves
MR       ++...     Clarity  +   D - +0 pair of boots
Stlth    ..........             m - amulet of regeneration
HPRegen  0.61/turn              s - +2 ring of protection
MPRegen  0.12/turn              a - ring of protection from magic

@: no status effects
A: blink, blurry vision 1, clarity, magic resistance 1, negative energy
resistance 1, electricity resistance, unbreathing, petrification resistance, rot
immunity, AC +8
a: Blink, Heroism, Finesse, Renounce Religion


You were on level 10 of the Dungeon.
You worshipped Okawaru.
Okawaru was extremely pleased with you.
You were hungry.

You visited 1 branch of the dungeon, and saw 10 of its levels.

You collected 575 gold pieces.
You spent 300 gold pieces at shops.

Inventory:

Hand Weapons
 u - a +5 mace
 v - the +4 whip of Ascent (weapon) {holy, rElec rC+ rN+ Stlth+}
   (You found it on level 8 of the Dungeon)

   It has been blessed by the Shining One to cause great damage to the undead
   and demons.
   It protects you from cold.
   It insulates you from electricity.
   It protects you from negative energy.
   It makes you more stealthy.
Armour
 b - a +0 helmet (worn)
 f - a +1 pair of gloves (worn)
 w - a +0 chain mail (worn)
 B - a +0 buckler (worn)
 D - a +0 pair of boots (worn)
Jewellery
 a - a ring of protection from magic (right hand)
 k - an uncursed ring of resist corrosion
 m - an amulet of regeneration (around neck)
 s - a +2 ring of protection (left hand)
Wands
 o - a wand of clouds (6)
 p - a wand of polymorph (12)
 t - a wand of iceblast (7)
 C - a wand of paralysis (15)
Scrolls
 e - a scroll of amnesia
 h - 7 scrolls of remove curse
 i - 3 scrolls of identify
 l - 5 scrolls of fog
 n - 5 scrolls of teleportation
 q - 4 scrolls of magic mapping
 r - a scroll of immolation
 x - a scroll of fear
 y - a scroll of blinking
 z - a scroll of vulnerability
Potions
 d - a potion of magic
 j - a potion of brilliance
Comestibles
 c - 20 rations


   Skills:
 + Level 8.0 Fighting
 + Level 9.8(10.2) Maces & Flails
   Level 4.5(7.7) Staves
 * Level 11.1 Armour
 + Level 5.7 Dodging
 - Level 2.1 Stealth
 * Level 2.2 Shields
 + Level 0.2 Invocations


You had 10 spell levels left.
You didn't know any spells.
Your spell library contained the following spells:

 Spells                   Type           Power        Failure   Level  Hunger
 Beastly Appendage        Tmut           #.....       99%         1    ##.....
 Flame Tongue             Conj/Fire      #....        99%         1    ##.....
 Summon Small Mammal      Summ           #...         99%         1    ##.....
 Call Imp                 Summ           #.......     100%        2    ###....
 Sticks to Snakes         Tmut           #.......     100%        2    ###....
 Throw Flame              Conj/Fire      #.....       100%        2    ###....
 Call Canine Familiar     Summ           #.......     100%        3    ####...
 Conjure Flame            Conj/Fire      #.......     100%        3    ####...
 Inner Flame              Hex/Fire       #.......     100%        3    ####...
 Spider Form              Tmut/Pois      #.........   100%        3    ####...
 Summon Guardian Golem    Hex/Summ       #.......     100%        3    ####...
 Ice Form                 Ice/Tmut       #.......     100%        4    #####..
 Sticky Flame             Conj/Fire      #.......     100%        4    #####..
 Summon Ice Beast         Ice/Summ       #.......     100%        4    #####..
 Summon Lightning Spire   Summ/Air       #.......     100%        4    #####..
 Blade Hands              Tmut           #.........   100%        5    ######.
 Fireball                 Conj/Fire      #.........   100%        5    ######.


Dungeon Overview and Level Annotations

Branches:
Dungeon (10/15)            Temple (0/1) D:7
   Lair: D:8-11         Orc: D:9-12

Altars:
Ashenzari
Cheibriados
Kikubaaqudgha
Makhleb
Okawaru
Qazlal
Sif Muna
Trog
Uskayaw
Vehumet
Xom

Shops:
D:5 (

Annotations:
D:6 1 runed door
D:10 Gastronok


Innate Abilities, Weirdness & Mutations

You are resistant to torment.
Your stone body is resilient. (AC +8)
You are immune to poison.
You resist negative energy. (rN+)
You are resistant to electric shocks. (rElec)
You can survive without breathing.
You are immune to petrification.
You are immune to rotting.
You can translocate small distances at will.
Scrolls take you a little longer to read.
You possess an exceptional clarity of mind.
You are resistant to hostile enchantments. (MR+)


Message History

Gastronok is severely wounded.
You feel like a meek peon again.
You whack Gastronok!
Gastronok is severely wounded.
You hit Gastronok.
Gastronok is severely wounded.
Gastronok waves his eye-stalks in wide circles.
The air twists around and strikes you!
* * * LOW HITPOINT WARNING * * *
You hit Gastronok.
Gastronok is severely wounded.
You hit Gastronok.
Gastronok is severely wounded.
You hit Gastronok.
Gastronok is almost dead.
You hit Gastronok.
Gastronok is almost dead.
Gastronok waves his eye-stalks in wide circles.
The air twists around and strikes you!
You die...

.#.#
#..##.##....#
#
#.....##.####
#.######.#
#........#
#######..# .
..#..#
...####(#..#
........#..#
......w@...#
...######.##
#.# ... #...
#####


You could see Gastronok.

Vanquished Creatures
  A hydra (D:8)
  A two-headed ogre (D:8)
  Pikel (D:4)
  A troll (D:9)
  2 dream sheep (D:8)
  A hippogriff (D:8)
  A wyvern (D:9)
  2 yaks (D:8)
  A vampire (D:10)
  A wraith (D:10)
  4 soldier ants (D:6)
  4 water moccasins
  An ice beast (D:9)
  5 sky beasts
  2 orc warriors
  2 black bears
  3 ogres
  A centaur (D:8)
  3 big kobolds (D:8)
  A wyvern zombie (D:6)
  3 bullfrogs (D:6)
  2 gnoll sergeants
  3 scorpions
  A water moccasin skeleton (D:5)
  15 killer bees
  3 howler monkeys
  9 wights
  2 vampire bats (D:2)
  2 crimson imps
  A centaur zombie (D:7)
  A jelly (D:9)
  2 orc priests (D:3)
  6 hounds
  An iron imp (D:6)
  6 orc wizards
  A bullfrog skeleton (D:6)
  A bullfrog zombie (D:5)
  2 centaur skeletons
  Jessica (D:2)
  Natasha (thrice) (D:2)
  2 iguanas
  10 worker ants
  A hound skeleton (D:5)
  Robin (D:2)
  13 adders
  11 gnolls
  3 shadow imps
  3 oozes
  An adder zombie (D:6)
  An adder skeleton (D:5)
  3 worms
  2 dart slugs
  4 leopard geckos
  29 orcs
  2 ball pythons
  A bat skeleton (D:2)
  3 bat zombies (D:2)
  3 giant cockroaches
  14 goblins
  13 hobgoblins
  7 jackals
  5 quokkas
  9 bats
  8 frilled lizards
  6 kobolds
  6 rats
  A butterfly (D:7)
265 creatures vanquished.

Vanquished Creatures (others)
  Terence (D:2)
  2 plants (D:8)
3 creatures vanquished.

Grand Total: 268 creatures vanquished

Notes
Turn   | Place    | Note
-------+----------+-------------------------------------------
     0 | D:1      | topirishpotato the Gargoyle Monk began the quest for the
                  | Orb.
     0 | D:1      | Reached XP level 1. HP: 14/14 MP: 1/1
    31 | D:1      | Reached XP level 2. HP: 8/19 MP: 2/2
   660 | D:1      | Reached skill level 1 in Armour
   661 | D:1      | Reached XP level 3. HP: 23/23 MP: 3/3
   983 | D:2      | Noticed Robin
  1003 | D:2      | Killed Robin
  1011 | D:2      | Reached XP level 4. HP: 8/29 MP: 4/4
  1472 | D:2      | Noticed Terence
  1473 | D:2      | Noticed Jessica
  1500 | D:2      | Killed Terence
  1505 | D:2      | Killed Jessica
  1702 | D:2      | Reached skill level 2 in Armour
  1790 | D:2      | Noticed Natasha
  1818 | D:2      | Killed Natasha
  1818 | D:2      | Reached XP level 5. HP: 19/33 MP: 5/5
  2032 | D:2      | Noticed Natasha
  2046 | D:2      | Killed Natasha
  2275 | D:2      | Noticed Natasha
  2279 | D:2      | Gained mutation: You are dopey. (Int -2) [potion of
                  | mutation]
  2279 | D:2      | Gained mutation: Scrolls take you a little longer to read.
                  | [potion of mutation]
  2279 | D:2      | Gained mutation: You possess an exceptional clarity of
                  | mind. [potion of mutation]
  2301 | D:2      | Killed Natasha
  2316 | D:2      | Found an ancient bone altar of Kikubaaqudgha.
  2347 | D:2      | Reached skill level 3 in Armour
  2347 | D:2      | Reached XP level 6. HP: 21/38 MP: 6/6
  3335 | D:3      | Reached skill level 4 in Armour
  3357 | D:3      | Reached XP level 7. HP: 6/44 MP: 7/7
  3498 | D:3      | Found a shimmering altar of Xom.
  3661 | D:4      | Found a deep blue altar of Sif Muna.
  3661 | D:4      | Found a stormy altar of Qazlal.
  3900 | D:4      | Found a shattered altar of Ashenzari.
  3908 | D:4      | Noticed Pikel
  4184 | D:4      | Reached skill level 5 in Armour
  4443 | D:4      | Killed Pikel
  4443 | D:4      | Reached skill level 5 in Fighting
  4443 | D:4      | Reached skill level 5 in Maces & Flails
  4443 | D:4      | Reached skill level 6 in Armour
  4443 | D:4      | Reached XP level 8. HP: 34/49 MP: 8/8
  4800 | D:5      | Entered Level 5 of the Dungeon
  4839 | D:5      | Found Bequyn's Antique Weapon Shoppe.
  5543 | D:5      | You fall through a shaft for 3 floors!
  5631 | D:8      | Reached XP level 9. HP: 55/55 MP: 9/9
  5644 | D:7      | Found a bloodstained altar of Trog.
  5663 | D:7      | Reached skill level 7 in Armour
  5973 | D:7      | Found an iron altar of Okawaru.
  5997 | D:7      | Became a worshipper of Warmaster Okawaru
  5997 | D:7      | Reached * piety under Okawaru
  5997 | D:7      | Reached ** piety under Okawaru
  6129 | D:7      | Found a staircase to the Ecumenical Temple.
  6413 | D:6      | Found a runed door.
  6423 | D:6      | Found a runed gate.
  6425 | D:6      | Found the +9 staff of Olgreb {rPois}
  6462 | D:6      | Reached skill level 5 in Dodging
  6547 | D:6      | Found a runed gate.
  6548 | D:6      | Found a runed door.
  6581 | D:6      | Found a runed gate.
  6918 | D:6      | Found a snail-covered altar of Cheibriados.
  6928 | D:6      | Reached skill level 8 in Armour
  7071 | D:6      | Found Ukao's Magic Scroll Shop.
  7318 | D:6      | Bought a scroll of blinking for 75 gold pieces
  7318 | D:6      | Bought a scroll of fog for 20 gold pieces
  7318 | D:6      | Bought a scroll of remove curse for 30 gold pieces
  7318 | D:6      | Bought a scroll of vulnerability for 75 gold pieces
  7318 | D:6      | Bought 3 scrolls of fog for 60 gold pieces
  7318 | D:6      | Bought a scroll of identify for 20 gold pieces
  7318 | D:6      | Bought a scroll of identify for 20 gold pieces
  7526 | D:6      | Reached *** piety under Okawaru
  7526 | D:6      | Reached XP level 10. HP: 53/61 MP: 10/10
  7619 | D:6      | Reached skill level 9 in Armour
  8142 | D:8      | Reached **** piety under Okawaru
  8260 | D:8      | Found a burning altar of Makhleb.
  8386 | D:8      | Reached skill level 1 in Staves
  8462 | D:8      | Noticed a three-headed hydra
  8485 | D:8      | Killed a three-headed hydra
  8485 | D:8      | Reached ***** piety under Okawaru
  8485 | D:8      | Reached skill level 10 in Armour
  8519 | D:8      | Reached XP level 11. HP: 25/68 MP: 9/11
  8760 | D:8      | Got a bloodstained whip
  8761 | D:8      | Identified the +4 whip of Ascent {holy, rElec rC+ rN+
                  | Stlth+} (You found it on level 8 of the Dungeon)
  9255 | D:9      | Found a hide-covered altar of Uskayaw.
  9261 | D:9      | Found a radiant altar of Vehumet.
  9306 | D:9      | Noticed a two-headed ogre
  9307 | D:9      | Lost mutation: You are dopey. (Int -2) [potion of mutation]
  9307 | D:9      | Gained mutation: You are resistant to hostile enchantments.
                  | (MR+) [potion of mutation]
  9307 | D:9      | Gained mutation: You can translocate small distances at
                  | will. [potion of mutation]
  9336 | D:8      | Killed a two-headed ogre
  9336 | D:8      | Reached skill level 1 in Shields
  9745 | D:10     | Entered Level 10 of the Dungeon
  9803 | D:10     | Reached skill level 11 in Armour
 10090 | D:10     | Found a bloodstained altar of Trog.
 10298 | D:10     | Noticed Gastronok
 10332 | D:10     | Killed from afar by Gastronok

Vault maps used:
D:1:      dpeg_arrival_tiny_g, st_stairs_5, minivault_23, minivault_24,
          hangedman_decor_points
D:2:      kennysheep_vampire_church, uniq_jessica, uniq_robin, uniq_terence,
          uniq_natasha
D:3:      tgw_xom, first_ration, grunt_ministairs_12
D:4:      minmay_opposing_rooms, evilmike_ruin_ashenzari,
          grunt_temple_overflow_open, uniq_pikel
D:5:      serial_shops, shop
D:6:      slow_altar_1, serial_shops, nicolae_shop_window_shopping,
          minmay_guarded_unrand_staff_of_olgreb
D:7:      lemuel_doored_altar, lemuel_crystal_altar,
          minmay_temple_entry_butterflies
D:8:      hangedman_ranch, bloody_makhleb
D:9:      nicolae_overflow_hidden_temple, minitemple
D:10:     david_lair_shrubbed, orc_0_dummy, bloody_trog, uniq_gastronok,
          uniq_erolcha

Skill      XL: |  1  2  3  4  5  6  7  8  9 10 11 |
---------------+----------------------------------+-----
Armour         | 1 2 3 4 6 8 10 11 | 11.1
Maces & Flails | 4 5 6 8 9 |  9.8
Fighting       | 4 5 6 7 8 |  8.0
Dodging        | 3 4 5 |  5.7
Staves         | 4 |  4.5
Shields        | 2 |  2.2
Stealth        | |  2.1
Invocations    | |  0.2

Action                   |  1- 3 |  4- 6 |  7- 9 | 10-12 || total
-------------------------+-------+-------+-------+-------++-------
Melee: Mace              |   127 |     6 |   391 |    77 ||   601
       Hand axe          |       |   403 |    45 |       ||   448
       Whip              |       |       |   177 |   333 ||   510
       Staff             |       |       |       |   150 ||   150
       Punch             |       |       |       |     2 ||     2
Invok: Heroism           |       |       |       |     3 ||     3
  Use: Scroll            |     4 |     4 |     6 |     5 ||    19
       Potion            |       |     4 |     3 |     7 ||    14
 Stab: Sleeping          |     4 |       |       |       ||     4
       Invisible         |       |       |    13 |       ||    13
  Eat: Chunk             |       |     9 |     8 |     5 ||    22
       Ration            |       |       |     2 |     1 ||     3
Armor: Robe              |    30 |       |       |       ||    30
       Ring mail         |    26 |   276 |   237 |       ||   539
       Chain mail        |       |       |   140 |   316 ||   456
Dodge: Dodged            |    97 |   347 |   400 |   224 ||  1068
Block: Buckler           |       |       |       |    37 ||    37

Table legend:
 A = Non-vault XP
 B = Vault XP
 C = Vault XP percentage of total XP
 D = Non-vault monster count
 E = Vault monster count
 F = Vault count percentage of total count
                 A         B        C        D         E       F
            +---------+---------+-------+---------+---------+-------
      Total |    7570 |    4991 |  39.7 |     198 |      67 |  25.3
            +---------+---------+-------+---------+---------+-------
        D:1 |      45 |       3 |   6.2 |      27 |       2 |   6.9
        D:2 |     107 |     232 |  68.4 |      14 |      18 |  56.2
        D:3 |     242 |      28 |  10.4 |      30 |      10 |  25.0
        D:4 |     295 |     667 |  69.3 |      12 |       5 |  29.4
        D:5 |     464 |       0 |   0.0 |      14 |       0 |   0.0
        D:6 |     979 |    1866 |  65.6 |      17 |      24 |  58.5
        D:7 |     681 |       0 |   0.0 |      22 |       0 |   0.0
        D:8 |    2483 |    2195 |  46.9 |      27 |       8 |  22.9
        D:9 |     976 |       0 |   0.0 |      14 |       0 |   0.0
       D:10 |    1298 |       0 |   0.0 |      21 |       0 |   0.0
            +---------+---------+-------+---------+---------+-------
